Cogmind - Beta 13 @@@ ROGUE MODE // 2024.04.25 @ 11:21:38 Player: Thqwib Result: Smashed by cave-in Performance ------------- Evolutions (4) 2000 Regions Visited (12) 2400 Robots Destroyed (188) 940 Value Destroyed (8316) 8316 Prototype IDs (9) 180 Alien Tech Used (0) 0 Bonus (3699) 3699 TOTAL SCORE: 17535 Bonus ------- High Alert Combat Kills 1468 Follower Combat Kills 1037 Entered Garrisons 400 Used RIF Installer 1000 Friendly Fire -206 Cogmind --------- Core Integrity 0/850 Matter 222/300 Energy 280/290 System Corruption 34% Temperature Cool (6) Movement Treading (165) Location -6/Extension Parts ------- > --- POWER (1) -------- Reinforced Deuterium Engine > --- PROPULSION (3) --- Improved Medium Treads Armored Heavy Treads > --- UTILITY (8) ------ Coolant Injector (fused) Advanced Targeting Computer Layered Heavy Armor Plating > --- WEAPON (3) ------- Gauss Rifle Railgun Power Maul > --- INVENTORY (5) ---- Light Fission Core Light Treads Improved Medium Treads Relay Coupler [Hunter] (20) Gauss Rifle Peak State ------------ > --- POWER ------------ Reinforced Deuterium Engine > --- PROPULSION ------- Improved Medium Treads Armored Heavy Treads > --- UTILITY ---------- Coolant Injector Medium Storage Unit Active Sensor Suite Layered Heavy Armor Plating Relay Coupler [Swarmer] > --- WEAPON ----------- Gauss Rifle Gauss Rifle Railgun > --- INVENTORY -------- Light Fission Core Light Treads Improved Medium Treads Advanced Targeting Computer Relay Coupler [Hunter] Linear Accelerator Power Maul [Rating: 90] Favorites ----------- Power Light Nuclear Core Engine Reinforced Deuterium Engine Power Core Light Nuclear Core Propulsion Titanium Leg Treads Improved Medium Treads Leg Titanium Leg Wheel Wheel Flight Unit VTOL Module Utility Medium Storage Unit Device Coolant Injector Storage Medium Storage Unit Processor Armor Integrity Analyzer Hackware Relay Coupler [Grunt] Protection Improved Light Armor Plating Weapon Gauss Rifle Energy Gun Particle Gun Ballistic Gun Gauss Rifle Ballistic Cannon Mini Assault Cannon Launcher Rocket Launcher Special Weapon Remote Datajack Impact Weapon Power Maul Slashing Weapon Chainsword Build | -11 -10 -10 -9 -8 -8 -8 -7 -7 -7 -6 -6 -6 ------- Run | Yrd Mat Min Mat Mat Gar Mat Fac Low Low Fac Gar Ext Slots Evolved 8 | . . . 2 2 . . 2 . . 2 . . Power . | . . . . . . . . . . . . . Propulsion 1 | . . . 1 . . . . . . . . . Utility 6 | . . . 1 1 . . 2 . . 2 . . Weapon 1 | . . . . 1 . . . . . . . . Parts Attached 312 | 7 3 5 18 33 43 22 12 16 6 51 82 14 Power 19 | 1 2 . 2 4 3 1 . . 1 3 2 . Engine 9 | 1 1 . 1 2 2 . . . . 1 1 . Core 10 | . 1 . 1 2 1 1 . . 1 2 1 . Reactor . | . . . . . . . . . . . . . Propulsion 60 | 2 . 2 7 7 4 10 3 . 1 6 17 1 Treads 11 | . . . . . . . . . . 1 9 1 Leg 31 | 2 . . 4 7 4 3 3 . 1 1 6 . Wheel 16 | . . 2 3 . . 7 . . . 4 . . Hover . | . . . . . . . . . . . . . Flight 2 | . . . . . . . . . . . 2 . Utility 79 | 1 1 . 5 7 8 3 3 5 2 21 21 2 Device 22 | . . . 1 1 5 . 1 1 1 7 5 . Storage 4 | 1 1 . . . . . . . . 1 1 . Processor 12 | . . . 2 1 1 1 1 1 1 3 . 1 Hackware 15 | . . . . 1 . 2 . 1 . 3 8 . Protection 26 | . . . 2 4 2 . 1 2 . 7 7 1 Artifact . | . . . . . . . . . . . . . Weapon 154 | 3 . 3 4 15 28 8 6 11 2 21 42 11 Energy Gun 19 | 1 . . 2 2 8 2 . . . 2 2 . Energy Cannon . | . . . . . . . . . . . . . Ballistic Gun 54 | 2 . 2 1 6 8 1 2 6 1 3 16 6 Ballistic Cannon 12 | . . . 1 3 1 . 1 1 . 3 2 . Launcher 14 | . . 1 . 1 7 1 1 1 . 2 . . Special Weapon 27 | . . . . . . 2 1 2 1 4 14 3 Impact Weapon 26 | . . . . 3 4 2 . . . 7 8 2 Slashing Weapon 2 | . . . . . . . 1 1 . . . . Piercing Weapon . | . . . . . . . . . . . . . Special Melee Weapon . | . . . . . . . . . . . . . Unidentified Prototypes 9 | . . . 3 2 . . 1 . . 1 2 . Corrupted Parts 2 | . 1 . . . . . . . . . 1 . System Corruption 8 | . 3 . . . . . . . . . 5 . Parts Lost 48 | . . 1 . 3 5 . . 3 1 15 17 3 Power 6 | . . . . 2 . . . . . 2 2 . Propulsion 13 | . . . . . 1 . . . . 4 8 . Utility 17 | . . . . 1 2 . . 2 1 6 3 2 Weapon 12 | . . 1 . . 2 . . 1 . 3 4 1 Highest Loss Streak 9 | . . 1 . 2 1 . . 1 1 7 9 2 To Critical Strikes 1 | . . . . . . . . . . 1 . . Average Slot Usage (%) 92 | . 98 97 99 99 99 99 99 99 96 87 84 78 Engine 2 | . 11 . . 3 2 . . . . . 5 6 Core 4 | . 2 14 11 5 6 9 7 7 7 5 . . Treads 4 | . . . . . . . . . . . 12 13 Leg 14 | . 28 20 17 26 26 19 6 23 23 7 1 . Wheel 2 | . . 8 14 . . 7 16 . . 6 . . Device 8 | . . . 11 10 8 2 2 . 5 8 12 12 Storage 7 | . 14 14 11 9 9 9 7 7 7 6 5 6 Processor 7 | . . . 2 3 5 12 12 14 10 15 4 1 Hackware 6 | . . . . . . 2 7 10 8 3 15 16 Protection 8 | . 12 14 8 12 12 9 15 11 9 11 3 1 Energy Gun 2 | . 14 . 4 . 6 7 . . . . . . Ballistic Gun 14 | . 14 24 13 22 15 10 14 17 23 9 11 18 Ballistic Cannon 2 | . . . 4 2 3 7 . 3 . 6 1 . Impact Weapon 1 | . . . . 1 1 . . . . 3 4 . Naked Turns . | . . . . . . . . . . . . . Heaviest Build 64 | 12 20 20 27 37 42 37 41 46 39 57 57 64 Greatest Support 90 | 20 20 26 42 51 51 44 60 60 60 60 90 90 Greatest Overweight (x) 8 | 2 . . 2 . . 3 1 . . 5 8 . Average Overweight (x) . | . . . . . . . . . . . . . Largest Inventory Capacity 10 | 8 10 10 10 10 10 10 10 10 10 10 10 10 Average Capacity 9 | 7 9 10 10 10 10 10 10 10 10 10 9 10 Most Carried 10 | 4 7 6 10 10 10 10 10 10 10 10 10 10 Average Carried 8 | 2 5 5 7 9 8 9 9 9 9 7 7 8 Final Capacity 10 | 8 10 10 10 10 10 10 10 10 10 10 10 5 Final Carried 10 | 4 6 5 10 10 8 10 10 9 10 4 10 5 Class Distribution -------------------- 16% | Scavenger-Mutant 15% | Gunner 14% | Tank 12% | Mutant 11% | Scavenger-Gunner 8% | Bothacker-Assassin 7% | Scavenger-Tank 3% | Scavenger-Skirmisher Dominant Class ---------------- Mutant | -10/Materials Mutant | -10/Mines Scavenger-Mutant | -9/Materials Tank | -8/Materials Tank | -8/Garrison Gunner | -8/Materials Scavenger-Gunner | -7/Factory Gunner | -7/Lower Caves Derelict-Gunner | -7/Lower Caves Scavenger-Mutant | -6/Factory Scavenger-Mutant | -6/Garrison Bothacker-Skirmisher | -6/Extension Resources | -11 -10 -10 -9 -8 -8 -8 -7 -7 -7 -6 -6 -6 ----------- Run | Yrd Mat Min Mat Mat Gar Mat Fac Low Low Fac Gar Ext Matter Collected 7545 | 267 75 60 330 972 1266 407 257 467 124 1201 1888 231 Remotely . | . . . . . . . . . . . . . Salvage Created 7634 | . 181 30 467 1360 1370 534 202 421 69 1346 1506 148 Parts 362 | . 15 5 34 80 71 19 22 17 4 59 31 5 Haulers Intercepted 10 | . . . 3 4 . 1 1 . . 1 . . Recyclers Shooed 6 | . 1 . . 1 . . . . . 3 . 1 Parts Field Recycled . | . . . . . . . . . . . . . Retrieved Matter . | . . . . . . . . . . . . . Parts Self-Destructed 32 | . . . . . . . . 20 12 . . . Prevented 1 | . . . . . . . . . 1 . . . Kills | -11 -10 -10 -9 -8 -8 -8 -7 -7 -7 -6 -6 -6 ------- Run | Yrd Mat Min Mat Mat Gar Mat Fac Low Low Fac Gar Ext Combat Hostiles Destroyed 149 | . 5 3 6 28 36 7 6 9 2 29 16 2 Melee 3 | . . . . . . . . . . 2 1 . Guns 97 | . 5 . 3 27 28 6 3 6 2 9 6 2 Cannons 24 | . . . 3 . 4 . . 3 . 7 7 . AOE 21 | . . 3 . 1 4 1 3 . . 9 . . Classes Destroyed 12 | . 3 . 3 3 1 2 . . . . . . Worker 7 | . . . 1 . . 2 . . . 4 . . Builder 11 | . . . . 3 . . 1 . . 7 . . Hauler 10 | . . . 3 4 . 1 1 . . 1 . . Recycler 6 | . . . 1 2 . 2 . . . 1 . . Watcher 4 | . 1 . 1 . 1 . . . . . . 1 Swarmer 42 | . 3 3 . 13 11 . 3 4 1 . 4 . Grunt 70 | . 2 . 6 9 19 4 1 1 1 18 7 2 Brawler 4 | . . . . . . 1 . 1 . 1 1 . Duelist 4 | . . . . . . 1 . 2 . . 1 . Sentry 12 | . . . . 4 2 1 . . . 3 2 . Hunter 6 | . . . . 2 . . . 1 . 2 1 . Programmer 11 | . . . . . 4 . 2 . . 5 . . Savage 1 | . . . . . . . . 1 . . . . Best Kill Streak 13 | . 3 3 3 4 4 12 4 4 1 13 5 2 Combat Bots Only 5 | . 3 3 2 4 4 5 3 4 1 5 5 2 Max Kills in Single Turn 4 | . 1 3 1 2 3 2 4 1 1 4 2 2 Gunslinging 1 | . . . . . 1 . . . . . 1 1 Exploded 3 | . . 3 . 1 3 1 3 . . 2 . . Melee 1 | . . . . . . . . . . 1 1 . Uniques/NPCs Destroyed . | . . . . . . . . . . . . . Combat | -11 -10 -10 -9 -8 -8 -8 -7 -7 -7 -6 -6 -6 -------- Run | Yrd Mat Min Mat Mat Gar Mat Fac Low Low Fac Gar Ext Hostile Shots Fired 1023 | . 18 3 18 120 124 20 32 63 12 319 250 44 Missed 320 | . 4 1 6 43 35 5 11 14 3 103 76 19 Damage Taken 11378 | . 131 57 142 1050 1384 251 322 860 145 3665 2258 1113 Core 1212 | . . . 11 141 147 . 29 34 . 276 364 210 Absorbed by Shields . | . . . . . . . . . . . . . Redirected to Shielding 102 | . . . . . . . . . . 102 . . Regen/Repaired (Parts) 46 | . . . . 46 . . . . . . . . Core Remaining (%) 87 | 100 . 100 97 . . 47 . . 91 . . . Volleys Fired 456 | . 14 1 29 68 87 19 22 28 7 84 87 10 Largest 3 | . 2 2 2 3 3 3 2 3 3 3 3 3 Hottest 163 | . 60 70 76 104 163 136 46 99 99 146 117 91 Shots Fired 1017 | . 28 2 58 188 209 48 34 63 20 193 152 22 Gun 791 | . 28 1 47 177 175 32 24 49 19 111 110 18 Cannon 165 | . . . 11 9 26 15 . 11 . 65 28 . Launcher 25 | . . 1 . 2 8 1 2 . . 11 . . Special 36 | . . . . . . . 8 3 1 6 14 4 Kinetic 856 | . 14 . 45 177 160 34 24 60 19 174 131 18 Thermal 42 | . . . 11 . 16 13 . . . . 2 . Explosive 25 | . . 1 . 2 8 1 2 . . 11 . . Electromagnetic 58 | . 14 1 2 9 25 . . . . 2 5 . Robot Hit Streak 58 | . 4 . 12 44 19 6 9 5 8 9 58 6 Robot Miss Streak 11 | . 3 . 4 5 3 2 2 2 4 11 4 3 Penetration Max 1 | . . . . . . . . . . . 1 1 Secondary Targets 10 | . . . . 1 5 . . 1 . . 2 1 Max Gunslinging Chain 1 | . . . . 1 1 . . 1 . . 1 1 Shots Hit Robots 719 | . 14 . 42 126 144 28 24 39 10 141 136 15 Core Hits 396 | . 9 2 21 61 62 20 13 21 3 122 54 8 Critical Kills 2 | . . . . . . . . . . 1 1 . Critical Parts Destroyed 14 | . . . . . 1 . 1 . . 8 4 . Critical Strikes 29 | . . . 4 . 3 1 1 . . 12 8 . Burn 1 | . . . 1 . . . . . . . . . Destroy 7 | . . . . . 1 . 1 . . 3 2 . Blast 10 | . . . 2 . 1 1 . . . 3 3 . Corrupt 2 | . . . 1 . 1 . . . . . . . Smash 9 | . . . . . . . . . . 6 3 . Melee Attacks 180 | . . . . 15 35 . 1 1 . 29 88 11 Impact 178 | . . . . 15 35 . . . . 29 88 11 Slashing 2 | . . . . . . . 1 1 . . . . Piercing . | . . . . . . . . . . . . . Sneak Attacks 3 | . . . . . . . . . . 2 1 . Combat Hostiles . | . . . . . . . . . . . . . Follow-up Attacks . | . . . . . . . . . . . . . Damage Inflicted 18063 | . 180 143 650 2680 3102 687 584 675 231 5299 3523 309 Guns 10823 | . 178 . 489 2322 2384 283 297 523 231 1652 2160 304 Cannons 2834 | . . . 161 80 435 267 . 152 . 1155 584 . Explosions 2901 | . . 143 . 237 258 113 287 . . 1769 94 . Melee 1417 | . . . . . 25 . . . . 707 685 . Ramming 88 | . 2 . . 41 . 24 . . . 16 . 5 Kinetic 12648 | . 74 . 479 2327 2396 458 297 675 231 2792 2615 304 Thermal 680 | . . 143 154 27 134 92 . . . . 130 . Explosive 2495 | . . . . 68 258 113 287 . . 1769 . . Electromagnetic 735 | . 104 . 17 217 289 . . . . 15 93 . Impact 1417 | . . . . . 25 . . . . 707 685 . Slashing . | . . . . . . . . . . . . . Piercing . | . . . . . . . . . . . . . Highest Corruption 29 | . 3 3 . . 3 3 2 3 3 21 28 29 Average Corruption 15 | . 3 3 . . 2 3 1 2 3 6 26 28 Corruption Purged . | . . . . . . . . . . . . . Corruption Blocked . | . . . . . . . . . . . . . Effects 275 | . 2 2 . . 10 7 3 20 5 15 181 30 Message Errors 70 | . 2 1 . . 3 2 1 7 2 1 45 6 Matter Fused 67 | . . 1 . . 1 1 1 3 1 5 45 9 Heat Flow Errors 27 | . . . . . . 1 . 3 1 1 20 1 Energy Discharges 36 | . . . . . 1 . 1 4 . 4 22 4 Parts Rejected 1 | . . . . . . . . . . . . 1 Parts Fused 4 | . . . . . . . . 1 . . 3 . Data Loss (minor) 25 | . . . . . 3 1 . 1 . 1 14 5 Data Loss (major) 12 | . . . . . . 1 . . . . 8 3 Misfires 9 | . . . . . . 1 . 1 1 . 6 . Alerts 9 | . . . . . 2 . . . . . 6 1 Misdirections 3 | . . . . . . . . . . 1 2 . Weapon Failures 12 | . . . . . . . . . . 2 10 . Overload Shots . | . . . . . . . . . . . . . Overflow Damage 703 | . . 22 . . . . . . . 235 446 . Projectiles 52 | . . . . . . . . . . 37 15 . Explosions 24 | . . 22 . . . . . . . 2 . . Melee 627 | . . . . . . . . . . 196 431 . Knockbacks 25 | . . . 2 1 . 2 . . . 15 5 . Impact 3 | . . . . . . . . . . 2 1 . Kinetic 17 | . . . 1 1 . 2 . . . 9 4 . Secondary 5 | . . . 1 . . . . . . 4 . . Self-Inflicted Damage 548 | . . 39 . 36 142 6 . . . 325 . . Shots 12 | . . 1 . 2 3 . . . . 6 . . Rammed 4 | . . . . . . 2 . . . 1 . 1 Targets Rammed 12 | . 1 . . 5 . 4 . . . 1 . 1 Kicked 8 | . 1 . . 5 . 2 . . . . . . Crushed . | . . . . . . . . . . . . . Highest Temperature 382 | . 57 30 189 205 382 330 4 243 199 304 267 175 Average Temperature 88 | . 22 21 63 51 120 154 4 80 46 73 84 46 Received Heat Transfer 2655 | . 39 . 75 252 594 135 36 66 36 795 540 87 Effects 10 | . . . . . 6 4 . . . . . . Shutdowns 2 | . . . . . 1 1 . . . . . . Energy Bleed 5 | . . . . . 2 3 . . . . . . Matter Decay 2 | . . . . . 2 . . . . . . . Damage (minor) 1 | . . . . . 1 . . . . . . . Siege Activations . | . . . . . . . . . . . . . Robots Corrupted 1 | . . . . . . . . . . 1 . . Combat Hostiles 1 | . . . . . . . . . . 1 . . Parts Fried 7 | . . . . . . . . . . 1 6 . Impact Corruptions 14 | . . . . . . . . . . 6 8 . Robots Melted . | . . . . . . . . . . . . . Combat Hostiles . | . . . . . . . . . . . . . Parts Melted 4 | . . 2 . . . . . . . . 2 . Heat Transferred 1349 | . . 150 407 50 296 222 . . . . 224 . Parts Sabotaged . | . . . . . . . . . . . . . Parts Stolen . | . . . . . . . . . . . . . Parts Stripped . | . . . . . . . . . . . . . Power Chain Reactions 2 | . . . . 1 . . . . . . 1 . Alert | -11 -10 -10 -9 -8 -8 -8 -7 -7 -7 -6 -6 -6 ------- Run | Yrd Mat Min Mat Mat Gar Mat Fac Low Low Fac Gar Ext Peak Influence 2593 | . 170 87 343 578 1700 925 430 . . 609 2593 1626 Initial 1360 | . . . 33 87 282 828 332 . . 42 426 1360 Average 837 | . 61 84 184 368 1045 787 358 . . 245 1399 1427 Maximum Alert Level 5 | . . . 1 2 5 3 2 . . 2 5 5 Low Security (%) 15 | 100 100 100 57 7 . . . . . 46 . . Level 1 20 | . . . 42 61 12 . 84 . . 31 . . Level 2 13 | . . . . 31 11 22 15 . . 21 8 . Level 3 18 | . . . . . 29 77 . . . . 31 . Level 4 18 | . . . . . 32 . . . . . 23 98 Level 5 13 | . . . . . 13 . . . . . 36 1 High Security . | . . . . . . . . . . . . . Max Security . | . . . . . . . . . . . . . Squads Dispatched 33 | . 1 . 1 6 . 3 4 . . 13 . 5 Investigation 19 | . 1 . 1 5 . . 3 . . 4 . 5 Extermination 6 | . . . . . . . 1 . . 5 . . Reinforcement 6 | . . . . 1 . 1 . . . 4 . . Assault . | . . . . . . . . . . . . . Garrison 2 | . . . . . . 2 . . . . . . Intercept . | . . . . . . . . . . . . . Searches Triggered . | . . . . . . . . . . . . . Construction Impeded 4 | . . . . 1 . 1 . . . 2 . . Haulers Reinforced . | . . . . . . . . . . . . . Active Scanning Responses 2 | . . . . . . . . . . . . 2 Cargo Convoy Interrupts . | . . . . . . . . . . . . . Stealth | -11 -10 -10 -9 -8 -8 -8 -7 -7 -7 -6 -6 -6 --------- Run | Yrd Mat Min Mat Mat Gar Mat Fac Low Low Fac Gar Ext Distress Signals 5 | . . . 2 2 . . . . . 1 . . Communications Jammed . | . . . . . . . . . . . . . Distress Signals . | . . . . . . . . . . . . . Times Spotted 234 | . 7 3 21 47 40 11 8 14 9 37 30 7 Peak Tracking Total 7 | . 3 3 5 6 5 5 4 4 6 7 5 2 Tactical Retreats 17 | . 1 . 7 1 1 . 1 1 . 2 3 . Traps | -11 -10 -10 -9 -8 -8 -8 -7 -7 -7 -6 -6 -6 ------- Run | Yrd Mat Min Mat Mat Gar Mat Fac Low Low Fac Gar Ext Traps Triggered 12 | . 1 . . 2 5 . 1 . . . 3 . Indirectly . | . . . . . . . . . . . . . Trap Hack Attempts . | . . . . . . . . . . . . . Triggered . | . . . . . . . . . . . . . Disarmed . | . . . . . . . . . . . . . Reprogrammed 6 | . . . . 6 . . . . . . . . Reused . | . . . . . . . . . . . . . Traps Extracted . | . . . . . . . . . . . . . Installed . | . . . . . . . . . . . . . Triggered 3 | . . . . . . . . . 3 . . . Machines | -11 -10 -10 -9 -8 -8 -8 -7 -7 -7 -6 -6 -6 ---------- Run | Yrd Mat Min Mat Mat Gar Mat Fac Low Low Fac Gar Ext Machines Disabled 33 | . . 1 1 6 7 . . . 1 7 10 . Max in Single Turn 2 | . . 1 1 2 1 . . . . 1 1 . Garrison Relay 9 | . . . . . 4 . . . . . 5 . Phase Generator 1 | . . . . . 1 . . . . . . . Machines Repaired . | . . . . . . . . . . . . . Machines Dismantled . | . . . . . . . . . . . . . Machines Sabotaged . | . . . . . . . . . . . . . Overloaded Fab Kills . | . . . . . . . . . . . . . Hacking | -11 -10 -10 -9 -8 -8 -8 -7 -7 -7 -6 -6 -6 --------- Run | Yrd Mat Min Mat Mat Gar Mat Fac Low Low Fac Gar Ext Machines Accessed 42 | . 4 . 3 11 4 3 2 1 1 6 1 6 Terminals 30 | . 2 . 3 7 4 3 2 . 1 2 1 5 Fabricators 2 | . . . . . . . . . . 2 . . Repair Stations 2 | . 1 . . 1 . . . . . . . . Recycling Units 4 | . 1 . . 1 . . . . . 1 . 1 Scanalyzers 1 | . . . . 1 . . . . . . . . Garrison Access 2 | . . . . 1 . . . . . 1 . . Total Hacks 144 | . 9 . 13 45 10 16 5 1 5 17 4 19 Successful 69 | . 6 . 6 28 2 5 2 1 5 8 1 5 Failed 75 | . 3 . 7 17 8 11 3 . . 9 3 14 Catastrophic 15 | . 1 . 1 2 3 2 1 . . 1 . 4 Database Lockouts . | . . . . . . . . . . . . . Manual 59 | . 4 . 7 12 5 14 3 . . 2 3 9 Terminals 113 | . 6 . 13 31 10 16 5 . 5 5 4 18 Fabricators 8 | . . . . . . . . . . 8 . . Repair Stations 3 | . 1 . . 2 . . . . . . . . Recycling Units 8 | . 2 . . 3 . . . . . 2 . 1 Scanalyzers 6 | . . . . 6 . . . . . . . . Garrison Access 5 | . . . . 3 . . . . . 2 . . Terminal Hacks 34 | . 2 . 4 11 2 3 1 1 5 1 . 4 Record 6 | . . . . . . . . . 5 . . 1 Prototype ID Bank 1 | . . . . 1 . . . . . . . . Open Door 3 | . . . . . 1 . . 1 . . . 1 Open DSF 1 | . . . . . . . . . . 1 . . Emergency Access Points 2 | . . . 1 . 1 . . . . . . . Terminal Index 2 | . . . . 1 . 1 . . . . . . Scanalyzer Index 1 | . . . . 1 . . . . . . . . Alert Level 4 | . 1 . 1 2 . . . . . . . . Unreport Threat 4 | . . . . 2 . 1 . . . . . 1 Reprogram Traps 1 | . . . . 1 . . . . . . . . Hauler Manifests 1 | . . . 1 . . . . . . . . . Registered Components 3 | . 1 . 1 . . . . . . . . 1 Zone Layout 5 | . . . . 3 . 1 1 . . . . . Fabricator Hacks 3 | . . . . . . . . . . 3 . . Network Status 1 | . . . . . . . . . . 1 . . Load Schematic 1 | . . . . . . . . . . 1 . . Build 1 | . . . . . . . . . . 1 . . Repair Station Hacks 3 | . 1 . . 2 . . . . . . . . Scan Component 1 | . . . . 1 . . . . . . . . Repair 1 | . . . . 1 . . . . . . . . Refit 1 | . 1 . . . . . . . . . . . Recycling Unit Hacks 5 | . 1 . . 2 . . . . . 2 . . Report Inventory 2 | . . . . 1 . . . . . 1 . . Retrieve Matter 1 | . . . . . . . . . . 1 . . Retrieve Components 2 | . 1 . . 1 . . . . . . . . Scanalyzer 6 | . . . . 6 . . . . . . . . Insert Component 3 | . . . . 3 . . . . . . . . Analyze 3 | . . . . 3 . . . . . . . . Garrison Access Hacks 3 | . . . . 1 . . . . . 2 . . Unlock Access 2 | . . . . 1 . . . . . 1 . . Coupler Status 1 | . . . . . . . . . . 1 . . Unauthorized Hacks 15 | . 2 . 2 6 . 2 1 . . . 1 1 Terminals 14 | . 1 . 2 6 . 2 1 . . . 1 1 Botnet 14 | . 1 . 2 6 . 2 1 . . . 1 1 Fabricators . | . . . . . . . . . . . . . Repair Stations . | . . . . . . . . . . . . . Recycling Units 1 | . 1 . . . . . . . . . . . Monitor 1 | . 1 . . . . . . . . . . . Scanalyzers . | . . . . . . . . . . . . . Garrison Access . | . . . . . . . . . . . . . Data Cores Recovered . | . . . . . . . . . . . . . Used . | . . . . . . . . . . . . . Hacking Detections 36 | . 3 . 2 11 3 3 2 . 1 4 1 6 Full Trace Events 18 | . 1 . 2 5 1 . 2 . . 3 1 3 Feedback Events . | . . . . . . . . . . . . . Feedback Blocked . | . . . . . . . . . . . . . Robot Schematics Acquired . | . . . . . . . . . . . . . Robots Built . | . . . . . . . . . . . . . Authchips . | . . . . . . . . . . . . . Time . | . . . . . . . . . . . . . Total Robot Build Rating . | . . . . . . . . . . . . . Part Schematics Acquired 3 | . . . . 3 . . . . . . . . Parts Built . | . . . . . . . . . . . . . Authchips . | . . . . . . . . . . . . . Time 134 | . . . . . . . . . . 134 . . Total Part Build Rating . | . . . . . . . . . . . . . Parts Repaired 1 | . . . . 1 . . . . . . . . Time 26 | . . . . 26 . . . . . . . . Parts Recycled . | . . . . . . . . . . . . . Recycled Matter . | . . . . . . . . . . . . . Retrieved Matter 82 | . . . . . . . . . . 82 . . Retrieved Components 12 | . 4 . . 8 . . . . . . . . Parts Scanalyzed 3 | . . . . 3 . . . . . . . . Part Schematics Acquired 3 | . . . . 3 . . . . . . . . Parts Damaged 1 | . . . . 1 . . . . . . . . Bothacking | -11 -10 -10 -9 -8 -8 -8 -7 -7 -7 -6 -6 -6 ------------ Run | Yrd Mat Min Mat Mat Gar Mat Fac Low Low Fac Gar Ext Used RIF Installer 2 | . . . . . 1 . . . . . 1 . Coupler Efficiency 1 | . . . . . . . . . . . 1 . Robots Hacked 23 | . . . . . . . 4 2 1 3 11 2 Non-combat 6 | . . . . . . . 3 . . 2 . 1 Combat 17 | . . . . . . . 1 2 1 1 11 1 Robot Hacks Applied 30 | . . . . . . . 8 2 1 4 11 4 parse_system 1 | . . . . . . . 1 . . . . . no_distress 1 | . . . . . . . . . . . . 1 find_chute 3 | . . . . . . . 1 . . 2 . . find_fabricator 1 | . . . . . . . 1 . . . . . find_dsf 1 | . . . . . . . 1 . . . . . find_recycling 1 | . . . . . . . . . . . . 1 ignore_parts 2 | . . . . . . . 1 . . . . 1 check_alert 1 | . . . . . . . . . . 1 . . find_shortcuts 1 | . . . . . . . 1 . . . . . find_garrison 2 | . . . . . . . 1 . . 1 . . link_complan 1 | . . . . . . . 1 . . . . . broadcast_data 2 | . . . . . . . . 1 . . 1 . disrupt_area 3 | . . . . . . . . . . . 3 . formatsys_high 10 | . . . . . . . . 1 1 . 7 1 Relay Couplers Released 38 | . . . . . 18 . . . . . 20 . Machine Destruction 31 | . . . . . 14 . . . . . 17 . Programmers 7 | . . . . . 4 . . . . . 3 . Attached 10 | . . . . . . 1 . 1 . . 8 . Fabnet Peak Effective % . | . . . . . . . . . . . . . Robots Rewired 9 | . . . . . 3 . . 1 . . 2 3 Allies Hacked . | . . . . . . . . . . . . . Hacks Repelled . | . . . . . . . . . . . . . Allies | -11 -10 -10 -9 -8 -8 -8 -7 -7 -7 -6 -6 -6 -------- Run | Yrd Mat Min Mat Mat Gar Mat Fac Low Low Fac Gar Ext Total Allies 23 | . . . . . 5 . . 2 1 . 9 6 Largest Group 6 | . . . . . 3 2 . 2 2 2 2 6 Highest-Rated Group 173 | . . . . . 70 32 . 79 79 65 126 173 Highest-Rated Ally 85 | . . . . . 39 16 . 49 49 49 85 39 Total Orders 1 | . . . . . . . . . . . . 1 GUARD 1 | . . . . . . . . . . . . 1 Ally Attacks 148 | . . . . . 21 10 . 12 14 . 51 40 Total Damage 4158 | . . . . . 262 105 . 388 407 . 2080 916 Kills 32 | . . . . . 3 . . 3 6 . 12 8 Allies Corrupted 1 | . . . . . . . . . . . 1 . Allies Melted . | . . . . . . . . . . . . . Intel | -11 -10 -10 -9 -8 -8 -8 -7 -7 -7 -6 -6 -6 ------- Run | Yrd Mat Min Mat Mat Gar Mat Fac Low Low Fac Gar Ext Robot Analysis Total . | . . . . . . . . . . . . . Derelict Logs Recovered 4 | . . 1 . . . . . 3 . . . . Drone Launches . | . . . . . . . . . . . . . Drone Recoveries . | . . . . . . . . . . . . . Exploration | -11 -10 -10 -9 -8 -8 -8 -7 -7 -7 -6 -6 -6 ------------- Run | Yrd Mat Min Mat Mat Gar Mat Fac Low Low Fac Gar Ext Turns Passed 13098 | 74 481 67 584 1586 2086 443 484 1179 496 1506 3545 567 Spaces Moved 7398 | 56 299 50 357 852 1208 298 354 817 347 760 1732 268 Core 21 | 14 . . . . . . . . . . 7 . Treads 1657 | . . . . . . . . . . . 1389 268 Legs 4411 | 42 299 35 194 852 1208 198 87 817 347 226 106 . Wheels 1239 | . . 15 163 . . 100 267 . . 534 160 . Hover . | . . . . . . . . . . . . . Flight 70 | . . . . . . . . . . . 70 . Fastest Speed 50 | 50 120 90 93 120 126 86 101 130 130 105 100 165 Average Speed 134 | 106 120 111 110 123 126 113 108 130 131 125 164 165 Slowest Speed 595 | 150 120 120 260 130 130 195 200 130 133 470 595 165 Overloaded Moves . | . . . . . . . . . . . . . Propulsion Burnouts . | . . . . . . . . . . . . . Robots Hopped . | . . . . . . . . . . . . . Cave-ins Triggered 4 | . . . . . . . . . . 1 . 3 Exploration Rate (%) 42 | 3 40 19 15 60 98 29 11 86 39 19 97 35 Regions Visited 12 Branch Regions 4 Pre-discovered Areas 2 | . . 1 . . . . . . 1 . . . Known Exits Taken 3 | . . . . 1 . . . . 1 1 . . Unknown Exits Taken 7 | 1 1 1 1 . . 1 1 1 . . . . Scrap Searched 6 | . . 1 . . . . . 3 2 . . . Spaces Dug 107 | . . . . 9 31 . 1 1 . 15 39 11 Terrain Destroyed 442 | . . 19 . 15 117 19 31 5 . 169 54 13 Melee 80 | . . . . 9 4 . 1 1 . 15 39 11 Projectile 30 | . . . . . . 5 . 4 . 15 4 2 AOE 332 | . . 19 . 6 113 14 30 . . 139 11 . Terrain Rammed 1 | . . . . . . . . . . 1 . . Walls Destroyed . | . . . . . . . . . . . . . Machines Disabled . | . . . . . . . . . . . . . Actions | -11 -10 -10 -9 -8 -8 -8 -7 -7 -7 -6 -6 -6 --------- Run | Yrd Mat Min Mat Mat Gar Mat Fac Low Low Fac Gar Ext Total 9341 | 66 393 59 488 1222 1533 364 422 879 372 1089 2102 352 Wait 621 | . 69 . 61 206 53 3 21 6 10 126 46 20 Move 7381 | 55 298 49 356 851 1206 297 353 816 346 758 1730 266 Hop . | . . . . . . . . . . . . . Pick Up 98 | 4 4 2 11 18 11 4 5 2 1 15 20 1 Fast Attach 88 | 6 1 . 6 5 6 7 4 7 3 10 32 1 Attach 61 | . . 3 2 7 7 2 2 2 . 19 13 4 Detach 11 | . . . 1 . . 1 1 2 . 1 5 . Swap 163 | 1 2 2 10 21 30 13 6 7 3 22 37 9 Drop 142 | . 4 2 12 26 16 14 7 5 2 21 29 4 Fire 456 | . 14 1 29 68 87 19 22 28 7 84 87 10 Melee 180 | . . . . 15 35 . 1 1 . 29 88 11 Ram 5 | . . . . . . 2 . . . 3 . . Kick 8 | . 1 . . 5 . 2 . . . . . . Crush 1 | . . . . . . . . . . . . 1 Escape Stasis 35 | . . . . . 25 . . . . 1 8 1 Rewire 91 | . . . . . 57 . . 3 . . 7 24 Trap . | . . . . . . . . . . . . . Miscellaneous . | . . . . . . . . . . . . . Route ------- -11/Scrapyard -10/Materials (discovered 2 exits: *Mat / [*Min]) -10/Mines -9/Materials -8/Materials (discovered 2 exits: *Fac / Gar) -8/Garrison (discovered 4 exits: *Mat x4) -8/Materials -7/Factory -7/Lower Caves -7/Lower Caves -6/Factory -6/Garrison (discovered 3 exits: *Ext x3) -6/Extension History --------- Turn | Location | Event 2 | -11/Scrapyard | Met Revision 17 14 | -11/Scrapyard | Discovered new exit (range 15) 75 | -11/Scrapyard | Entered Materials 310 | -10/Materials | Build established: Mutant 496 | -10/Materials | Discovered new exit (range 4) 503 | -10/Materials | Discovered new exit (range 15) 556 | -10/Materials | Entered Mines 575 | -10/Mines | Learned location of Zion (-6) 586 | -10/Mines | Found a damaged Exp. Sensor Array with a note attached 589 | -10/Mines | Found Prototype Device 616 | -10/Mines | Discovered new exit (range 9) 623 | -10/Mines | Entered Materials 623 | -9/Materials | Evolved 2 slots: Propulsion x1, Utility x1 624 | -9/Materials | Identified Exp. Sensor Array 1179 | -9/Materials | Build established: Scavenger-Mutant 1191 | -9/Materials | Discovered new exit (range 5) 1207 | -9/Materials | Entered another Materials area 1207 | -8/Materials | Evolved 2 slots: Utility x1, Weapon x1 1424 | -8/Materials | Repaired Aluminum Leg 1743 | -8/Materials | Build established: Gunner 2205 | -8/Materials | Build established: Tank 2359 | -8/Materials | Discovered new exit (range 3) 2792 | -8/Materials | Identified exit to Garrison 2793 | -8/Materials | Entered Garrison 2941 | -8/Garrison | Triggered checkpoint 3085 | -8/Garrison | Garrison Relay disabled 3163 | -8/Garrison | Triggered checkpoint 3204 | -8/Garrison | Rescued a captive Derelict 3205 | -8/Garrison | Rescued a captive Derelict 3453 | -8/Garrison | Discovered new exit (range 11) 3495 | -8/Garrison | Triggered checkpoint 3530 | -8/Garrison | Garrison Relay disabled 3625 | -8/Garrison | Triggered checkpoint 3739 | -8/Garrison | Triggered checkpoint 3799 | -8/Garrison | Triggered checkpoint 3810 | -8/Garrison | Build established: Scavenger-Tank 3858 | -8/Garrison | Discovered new exit (range 10) 3911 | -8/Garrison | Garrison Relay disabled 4094 | -8/Garrison | Phase Generator disabled 4209 | -8/Garrison | Triggered checkpoint 4268 | -8/Garrison | Core integrity fell below 50% 4325 | -8/Garrison | Triggered checkpoint 4403 | -8/Garrison | Triggered checkpoint 4438 | -8/Garrison | Discovered new exit (range 3) 4697 | -8/Garrison | Garrison Relay disabled 4752 | -8/Garrison | Installed Relay Interface Framework 4858 | -8/Garrison | Discovered new exit (range 15) 4879 | -8/Garrison | Entered Materials 4879 | -8/Materials | Accompanied by 2 allies 4930 | -8/Materials | Build established: Scavenger-Gunner 5165 | -8/Materials | Garrison activated, responded to threat 5299 | -8/Materials | Discovered new exit (range 8) 5322 | -8/Materials | Entered Factory 5322 | -7/Factory | Evolved 2 slots: Utility x2 5776 | -7/Factory | Discovered new exit (range 11) 5806 | -7/Factory | Entered Lower Caves 5821 | -7/Lower Caves | Learned Factory emergency access door positions 5955 | -7/Lower Caves | Build established: Gunner 5964 | -7/Lower Caves | Learned 8 Factory zone layouts 6528 | -7/Lower Caves | Attracted the attention of an 0b10 outpost 6756 | -7/Lower Caves | Discovered new exit (range 15) 6792 | -7/Lower Caves | Attracted the attention of an 0b10 checkpoint 6985 | -7/Lower Caves | Entered another Lower Caves area 6985 | -7/Lower Caves | Accompanied by 2 allies 6993 | -7/Lower Caves | Discovered new exit (range 9) 7100 | -7/Lower Caves | Attracted the attention of an 0b10 base 7137 | -7/Lower Caves | Learned Extension trap positions 7137 | -7/Lower Caves | Learned Factory stockpile data 7480 | -7/Lower Caves | Identified exit to Factory 7481 | -7/Lower Caves | Entered Factory 7481 | -6/Factory | Accompanied by 2 allies 7481 | -6/Factory | Evolved 2 slots: Utility x2 7867 | -6/Factory | Lost 4 parts (1p2n1w) 8907 | -6/Factory | Crushed by falling debris 8908 | -6/Factory | System corruption reached 10% 8982 | -6/Factory | Lost 7 parts (1p1n5u) 8985 | -6/Factory | Identified exit to Garrison 8987 | -6/Factory | Entered Garrison 9031 | -6/Garrison | Triggered checkpoint 9059 | -6/Garrison | Expanded RIF knowledge: Coupler Efficiency 9113 | -6/Garrison | Garrison Relay disabled 9128 | -6/Garrison | Lost 3 parts (1n2u) 9451 | -6/Garrison | Lost 3 parts (2n1w) 9497 | -6/Garrison | Triggered checkpoint 9585 | -6/Garrison | Core integrity fell below 50% 9667 | -6/Garrison | Lost 9 parts (1p4n1u3w) 9748 | -6/Garrison | Discovered new exit (range 16) 9758 | -6/Garrison | Spotted B-75 Beast 9760 | -6/Garrison | Assimilated Beast 5a with formatsys_high 9773 | -6/Garrison | Triggered checkpoint 9974 | -6/Garrison | Build established: Scavenger-Mutant 9977 | -6/Garrison | Triggered checkpoint 10060 | -6/Garrison | Garrison Relay disabled 10315 | -6/Garrison | Triggered checkpoint 10379 | -6/Garrison | Triggered checkpoint 10710 | -6/Garrison | Garrison Relay disabled 10752 | -6/Garrison | Discovered new exit (range 10) 10910 | -6/Garrison | Discovered new exit (range 13) 10925 | -6/Garrison | Garrison Relay disabled 10953 | -6/Garrison | Identified exit to Extension 10987 | -6/Garrison | Triggered checkpoint 11002 | -6/Garrison | Garrison Relay disabled 11371 | -6/Garrison | Found Prototype Device 11371 | -6/Garrison | Identified Active Sensor Suite 11397 | -6/Garrison | H-XX Assembler disabled 11679 | -6/Garrison | Build established: Bothacker-Assassin 12532 | -6/Garrison | Entered Extension 12532 | -6/Extension | Accompanied by 1 ally 12533 | -6/Extension | Loaded intel: 22 trap records 12650 | -6/Extension | Rescued a captive Derelict 12651 | -6/Extension | Rescued a captive Derelict 12849 | -6/Extension | Core integrity fell below 20% 13085 | -6/Extension | Crushed by falling debris 13089 | -6/Extension | Crushed by falling debris 13099 | -6/Extension | Crushed by falling debris 13099 | -6/Extension | Smashed by cave-in Last Messages --------------- 12996_ ALERT: Active scanning activity reported from Zone 1M, dispatching Investigation squad. 12997_ System corrupted: IFF burst signal emitted. 13021_ System corrupted: Component data lost. 13037_ System corrupted: Matter fused (-7). 13052_ System corrupted: Heat flow error (+192). 13072_ The unstable cave ceiling collapses. 13076_ System corrupted: Matter fused (-6). 13085_ The unstable cave ceiling collapses. 13085_ Crushed by falling debris. 13085_ Active Sensor Suite destroyed. 13085_ System corrupted by crushing effect (+1). 13089_ The unstable cave ceiling collapses. 13089_ Crushed by falling debris. 13096_ System corrupted: Component data lost. 13099_ The unstable cave ceiling collapses. 13099_ Crushed by falling debris. 13099_ Med. Storage Unit destroyed. 13099_ System corrupted by crushing effect (+5). Map ----- +----------------------------------------------------+ | | | | | | | | | | | | | | | | | | | | | | | | | | | | | | | | | | | | | | | | | ?# ??????????????????????????????????????????????? | | ###################??????????????????????????????? | | ^^ #??????????????????????????????? | | ^ #######????????????????????????? | | " # ###??????????????????????? | | ^^ ###### @#??????????????????????? | | ^ #???#####??????????????????????? | | ##############????###???????????????????????? | | ##??????????????????????????????????????????? | | #??????????????????????????????????????????? | | ##### #??????#########???????????????????????????? | | ??### ###????# #???????????????????????????? | | ??# #????# #???????????????????????????? | | ??# ###### #???????????????????????????? | | ??# #???????????????????????????? | | ??# ###### #???????????????????????????? | | ??# #????# #???????????????????????????? | | ??#######????# #???????????????????????????? | | ?????????????# #???????????????????????????? | | ?????????????# #???????????????????????????? | | ?????????????# #?????????????????^?????????? | | ?????????????#### #?????????????????^?????????? | | ????????????????# #???????????????????????????? | | ??????????#######+## #???????????????????????????? | | ??????????# # #???????????????????????????? | | ??????????# + #???????????????????????????? | | ??????????# #?#???????????????????????????? | | ??????????# #?????????????????????????????? | | ??????????##########?????????????????????????????? | | ?????????????????????????????????????????????????? | +----------------------------------------------------+ Best States ------------- Heat Dissipation 64 Coolant Potential 65 Energy Generation 18 Energy Capacity 290 Matter Stores 300 Matter Capacity 300 Sight Range 22 Robot Scan Range 20 Terrain Scan Density 10 Armor Coverage 825 Propulsion Shielding 66 Weapon Cycling 15 Phase Shifting 5 Evasion (%) 55 Targeting Accuracy 8 Core Analysis 6 Armor Integrity Analysis 30 Recoil Reduction 4 Matter Filtering 30 Kinecelleration 30 Offensive Hacking 20 Defensive Hacking 10 Relay Coupler Types 3 Relay Coupler Value 91 Item Schematics ----------------- Prc. Assault Rifle | -8/Materials | Scanalyzed Imp. Light Armor Plating | -8/Materials | Scanalyzed Targeting Computer | -8/Materials | Scanalyzed Robot Schematics ------------------ None Fabricated ------------ Nothing Alien Tech Used ----------------- None Achievements -------------- Assimilation Complete Challenges ------------ None Game ------ Seed DeuteriumPhaseAutocannon Manual? 0 Play Time 03:11:03 Cumulative 23.1 hours Start 2024.04.23 @ 20:42:10 End 2024.04.25 @ 11:21:38 Sessions 3 Manual Loads 0 Difficulty Rogue Special Mode None Game No. 15 Rogue 15 Adventurer 0 Explorer 0 Win Type - Total 0 Types 0/0/0/0/0/0/0/0/0 Lore% 16 Gallery% 27 Achievement% 19 Wizard Run 0 Options --------- Layout 2 ASCII 0 Keyboard 0 Movement Arrows Keybinds 0 Fullscreen 2 Font 24/Smallcaps Map View 50x44 Zoom Use 0% Tactical HUD 1 Map Filters NONE Filters NONE Steam 0 RUN: 974b86e7-0d84-4c4d-8f3a-609ae6df0a4b